Map: Acid Plant LE

Players

Snute

  • Race: Zerg Zerg
  • Spawn Location: 5:00

Reynor - Winner!

  • Race: Zerg Zerg
  • Spawn Location: 11:00

Event: WCS Montreal 2018

VOD

Have the link to the VOD?

Description

Time

  • Played on: Sept. 7, 2018, 4:24 p.m.
  • Length: 9:34

All games in this series

Show
View Real Time Build Order
Export as new Build Order

Snute Zerg 

Build Orders: Hatch First 

Get SALT Encoding   

  12  0:00  Drone  
  13  0:12  Overlord  
  13  0:17  Drone  
  14  0:30  Drone x2  
  14  0:34  Drone  
  17  0:51  Hatchery  
  17  0:53  Drone  
  17  0:57  Drone  
  17  1:03  Extractor  
  17  1:12  Spawning Pool  
  17  1:15  Drone  
  18  1:18  Drone  
  18  1:28  Drone  
  19  1:38  Overlord  
  19  1:49  Drone  
  20  1:58  Queen  
  20  2:00  Drone  
  23  2:02  Queen  
  23  2:03  Drone  
  23  2:05  Metabolic Boost  
  26  2:11  Drone  
  27  2:16  Zergling x2  
  27  2:21  Zergling x2  
  29  2:24  Zergling x2  
  30  2:33  Zergling x2  
  30  2:36  Overlord  
  31  2:44  Drone  
  31  2:46  Drone  
  33  2:54  Drone  
  33  2:56  Drone  
  35  3:00  Hatchery  
  35  3:04  Drone  
  35  3:05  Baneling Nest  
  35  3:07  Drone x2  
  35  3:08  Drone x2  
  35  3:11  Drone x2  
  40  3:15  Overlord  
  40  3:21  Drone x2  
  43  3:27  Zergling x2  
  43  3:35  Queen  
  43  3:37  Zergling x2  
  43  3:38  Zergling x2  
  43  3:40  Zergling x2  
  43  3:41  Zergling x4  
  50  3:48  Zergling x4  
  51  3:50  Overlord  
  52  3:55  Zergling x2  
  52  3:57  Baneling  
  52  3:58  Baneling, Overlord  
  52  4:01  Overlord  
  52  4:04  Baneling x2  
  52  4:09  Baneling x2  
  52  4:11  Zergling x2  
  52  4:12  Zergling x2  
  52  4:16  Zergling x6  
  55  4:21  Zergling x2  
  55  4:23  Queen  
  53  4:25  Drone x2  
  53  4:30  Drone x2  
  55  4:31  Baneling  
  55  4:34  Zergling x4  
  55  4:35  Zergling x4  
  56  4:40  Zergling x2  
  56  4:42  Drone  
  62  4:46  Drone  
  62  4:49  Drone  
  62  4:51  Lair  
  61  4:54  Evolution Chamber, Roach Warren  
  61  4:55  Extractor, Drone  
  61  4:56  Drone  
  60  5:00  Drone x3  
  60  5:02  Drone  
  60  5:06  Drone x3  
  62  5:09  Extractor, Drone x2  
  61  5:19  Drone x3  
  64  5:24  Extractor  
  64  5:26  Drone x3  
  64  5:28  Zerg Missile Weapons Level 1, Drone  
  65  5:29  Drone x3  
  65  5:31  Drone  
  65  5:34  Drone x4  
  74  5:39  Zergling x2  
  74  5:42  Zergling x2  
  72  5:43  Zergling x2  
  73  5:50  Glial Reconstitution  
  73  5:56  Extractor  
  72  5:59  Roach x4  
  80  6:04  Overlord  
  80  6:08  Hatchery, Roach  
  80  6:09  Roach  
  82  6:14  Overlord  
  82  6:15  Overlord  
  82  6:17  Queen  
  79  6:19  Roach  
  79  6:23  Roach x2  
  79  6:24  Drone  
  77  6:27  Drone  
  77  6:29  Queen x2  
  77  6:31  Drone  
  78  6:34  Drone  
  78  6:37  Drone  
  80  6:41  Drone  
  80  6:45  Drone x3  
  80  6:47  Drone x2  
  85  6:48  Drone x3  
  85  6:52  Queen  
  85  6:53  Drone  
  96  7:01  Roach x2  
  96  7:08  Evolution Chamber  
  96  7:11  Roach  
  96  7:12  Roach x2  
  100  7:23  Drone x7  
  100  7:28  Roach x2  
  111  7:32  Overlord  
  111  7:35  Overlord  
  112  7:42  Overlord  
  112  7:43  Spine Crawler x2  
  112  7:44  Spine Crawler, Roach  
  111  7:46  Spine Crawler  
  111  7:47  Roach  
  110  7:52  Roach x5  
  110  7:54  Roach  
  110  7:55  Roach x3  
  110  7:57  Overlord  
  128  8:02  Roach  
  128  8:03  Roach x3  
  136  8:07  Overlord x2  
  136  8:14  Roach  
  136  8:15  Roach x3  
  127  8:21  Roach  
  127  8:22  Roach x3  
  129  8:27  Roach x6  
  129  8:31  Roach  
  137  8:36  Roach x5  
  133  8:42  Ravager x3  
  133  8:43  Roach  
  133  8:44  Roach  
  133  8:47  Queen x2  
  138  8:49  Roach  
  138  8:50  Roach x2  
  138  8:51  Queen  
  140  8:58  Roach  
  140  8:59  Roach x2  
  132  9:07  Roach  
  132  9:08  Roach x3  
  115  9:14  Roach x2  
Show
View Real Time Build Order
Export as new Build Order

Reynor Zerg - Winner!

Build Orders: Hatch First 

Get SALT Encoding   

  12  0:00  Drone  
  13  0:12  Overlord  
  13  0:17  Drone  
  14  0:31  Drone x2  
  14  0:34  Drone  
  17  0:52  Hatchery  
  17  0:55  Drone  
  17  0:59  Drone  
  18  1:09  Extractor  
  17  1:14  Spawning Pool  
  17  1:16  Drone  
  17  1:20  Drone  
  18  1:28  Drone  
  19  1:38  Overlord  
  19  2:01  Zergling x4, Queen  
  19  2:04  Zergling x2, Queen  
  26  2:09  Metabolic Boost  
  26  2:11  Drone  
  26  2:14  Drone  
  28  2:21  Drone  
  29  2:25  Drone  
  30  2:41  Drone x2  
  30  2:42  Hatchery  
  30  2:44  Drone  
  32  2:54  Baneling Nest  
  32  2:56  Queen  
  33  3:00  Drone  
  33  3:04  Overlord  
  34  3:10  Zergling x4  
  35  3:21  Overlord  
  35  3:24  Zergling x4  
  35  3:25  Drone x3  
  39  3:27  Zergling x2  
  39  3:30  Zergling x2  
  41  3:34  Zergling x2  
  41  3:40  Zergling x2  
  43  3:45  Zergling x2  
  43  3:48  Zergling x6  
  47  3:52  Zergling x2  
  48  3:56  Evolution Chamber  
  48  3:57  Zergling x2  
  48  4:04  Baneling  
  48  4:05  Drone x4  
  48  4:06  Drone  
  52  4:11  Baneling  
  52  4:12  Baneling x3  
  52  4:14  Drone x3  
  52  4:17  Zergling x2  
  54  4:23  Drone x4  
  57  4:26  Overlord  
  51  4:39  Drone x5  
  51  4:40  Drone  
  51  4:41  Zergling x2  
  51  4:43  Baneling x2  
  51  4:45  Zergling x2  
  58  4:48  Extractor  
  58  4:49  Zergling x4  
  57  4:54  Roach Warren  
  57  4:56  Drone  
  55  5:01  Baneling x2  
  55  5:02  Drone  
  55  5:03  Drone x2  
  55  5:04  Zergling x4  
  55  5:06  Drone  
  60  5:11  Zergling x6  
  60  5:13  Overlord  
  63  5:14  Drone x2  
  63  5:18  Zergling x2  
  63  5:19  Overlord  
  66  5:23  Zerg Missile Weapons Level 1  
  66  5:26  Overlord  
  66  5:33  Zergling x6  
  66  5:35  Drone  
  69  5:36  Drone x2  
  69  5:37  Drone  
  69  5:39  Zergling x2  
  69  5:40  Zergling x8  
  69  5:41  Drone  
  69  5:42  Drone  
  75  5:47  Lair  
  75  5:48  Drone  
  75  5:49  Drone  
  76  5:50  Extractor  
  76  5:52  Extractor  
  76  5:53  Zergling x4  
  76  5:58  Overlord  
  76  5:59  Drone  
  77  6:06  Drone  
  77  6:08  Drone x5  
  82  6:11  Overlord  
  82  6:15  Roach x2  
  82  6:16  Roach  
  86  6:21  Roach x4  
  86  6:25  Roach  
  93  6:27  Extractor  
  93  6:30  Roach  
  91  6:33  Roach  
  91  6:34  Roach  
  95  6:40  Roach x5  
  95  6:42  Overlord  
  95  6:44  Drone  
  106  6:48  Overlord  
  106  6:49  Glial Reconstitution  
  106  6:53  Overlord  
  106  6:54  Extractor  
  106  6:55  Baneling  
  106  6:56  Baneling x3  
  106  6:58  Overlord  
  106  7:01  Drone x4  
  109  7:02  Roach  
  109  7:06  Roach x4  
  121  7:08  Roach  
  121  7:10  Overlord  
  119  7:23  Roach x3  
  119  7:25  Overlord  
  119  7:27  Drone  
  119  7:29  Roach x2  
  131  7:30  Roach  
  131  7:36  Roach x4  
  139  7:37  Roach  
  139  7:40  Roach  
  139  7:41  Hatchery  
  141  7:46  Roach x3  
  147  7:52  Roach x2  
  147  7:53  Roach  
  147  7:58  Baneling x2, Overlord  
  153  8:05  Overlord  
  153  8:11  Overlord  
  153  8:15  Roach x3  
  153  8:16  Roach x2  
  153  8:19  Roach x6  
  160  8:23  Roach  
  160  8:24  Roach  
  160  8:27  Roach  
  160  8:32  Roach x5  
  170  8:36  Roach  
  170  8:40  Roach  
  172  8:44  Roach x3  
  172  8:45  Roach  
  176  8:49  Roach  
  176  8:53  Roach x2  
  176  8:54  Roach x3  
  178  8:56  Drone  
  178  8:59  Roach x3  
  178  9:00  Roach  
  169  9:04  Roach  
  169  9:05  Roach  
  169  9:06  Roach  
  155  9:11  Roach  
  145  9:25  Ravager x4  
Tags
 
Add a new tag
Caveats
  • Supply blocks, unpowered buildings, or Contaminate may cause inaccurate times.
  • Supply counts are checked every 10 seconds.